[Event "CCT Julius Baer-D1-Place 2024"]
[Site "Online"]
[Date "2024.09.26"]
[Round "1.1"]
[White "Aronian, Levon"]
[Black "Durarbayli, Vasif"]
[Result "1-0"]
[ECO "B50"]
[WhiteElo "2729"]
[BlackElo "2626"]
[Annotator "TA"]
[PlyCount "67"]
[EventDate "2024.09.25"]
[EventType "swiss"]
[EventCountry "NET"]
[SourceTitle "playchess.com"]
[Source "ChessBase"]
[SourceQuality "1"]
[TimeControl "600+2"]

1. e4 c5 2. Nf3 d6 3. Bc4 Nf6 4. d3 e6 5. O-O Be7 6. Re1 O-O 7. Nbd2 d5 8. Bb3 {[%emt 0:00:01] The position is equal.} b5 9. e5 Nfd7 10. c3 Nc6 11. d4 b4 12. Nf1 bxc3 13. bxc3 cxd4 14. cxd4 Na5 15. Bc2 Ba6 {[%emt 0:00:02] Dodges Qd3} 16. h4 Rc8 $1 17. Bg5 Bxf1 ({Black should play} 17... Re8 $11) 18. Kxf1 Bxg5 19. Bxh7+ Kxh7 20. Nxg5+ Kh6 $1 {[%emt 0:00:01] White must now prevent ...g6.} ({Wrong is} 20... Kg8 $2 21. Qh5 $18) 21. Qd2 $40 {[%emt 0:00:05][%csl LRe6,LRf7][%mdl 128] White is up to no good.} Qb6 ({Black should try} 21... Nc4 $14 22. Qf4 Qe7) 22. Qf4 g6 23. Nxe6+ (23. Nxf7+ $2 {too greedy.} Kg7 24. Qh6+ Kxf7 $19) 23... Kh7 24. Nxf8+ Rxf8 25. Re3 (25. Rab1 $142 Qe6 26. Rb5) 25... Nc6 $16 26. Rd1 {[%emt 0:00:22][%cal Oh4h5] Threatens to win with h5!} Ne7 {[%emt 0:00:06] [#]} ({Better is} 26... Nd8) 27. h5 $1 Kg7 (27... Kg8 $142 28. Qg5 Nf5) (27... Qe6 28. hxg6+) 28. Rh3 $18 Rh8 (28... Qe6 {might work better.} 29. hxg6 fxg6) 29. h6+ Kf8 {[%emt 0:00:01] [#]} 30. e6 $1 Qxe6 31. Re1 Qa6+ 32. Kg1 {[%emt 0:00:01] Qc7 is the strong threat.} Nf6 (32... Nf5 $18 33. g4 (33. Qc7 Rxh6 34. Rxh6 Nxh6 $18) 33... Qd6) 33. Qc7 Nc8 34. Qd8+ {[%emt 0:00:05] Weighted Error Value: White=0.09 (flawless) /Black=0.43.  Mistake:       	White=1     	Black=6      Inaccurate:     	White=1     	---        OK:         	White=14    	Black=6      Best:        	White=3     	Black=4      Strong:       	---       	Black=2} 1-0

[Event "CCT Julius Baer-D1-Place 2024"]
[Site "Online"]
[Date "2024.09.26"]
[Round "1.1"]
[White "Bortnyk, Olexandr"]
[Black "Oparin, Grigoriy"]
[Result "0-1"]
[ECO "D00"]
[WhiteElo "2608"]
[BlackElo "2662"]
[Annotator "RC"]
[PlyCount "190"]
[EventDate "2024.09.25"]
[EventType "swiss"]
[EventCountry "NET"]
[SourceTitle "playchess.com"]
[Source "ChessBase"]
[SourceQuality "1"]
[TimeControl "600+2"]

1. d4 Nf6 2. Nc3 d5 3. Bf4 e6 4. Nb5 Bb4+ 5. c3 Ba5 6. a4 a6 7. b4 Bxb4 8. cxb4 axb5 9. axb5 Rxa1 10. Qxa1 Nh5 11. Be5 f6 12. Bg3 Nxg3 13. hxg3 Qd6 14. Qb1 c6 15. e3 Bd7 16. b6 Ke7 17. Ne2 Be8 18. Nc3 Bg6 19. Qb3 Nd7 20. Na4 Ra8 21. Be2 Bc2 22. Qxc2 Qxb4+ 23. Nc3 Ra1+ 24. Bd1 Ra3 25. O-O Rxc3 26. Qxh7 Qxb6 27. Qxg7+ Kd6 28. Bh5 Qd8 29. Ra1 Qf8 30. Qh7 Kc7 31. Bf7 Qe7 32. Ra8 Rc1+ 33. Kh2 Kb6 34. g4 e5 35. Qd3 Qb4 36. Be6 e4 37. Qa3 Qxa3 38. Rxa3 Kc7 39. f4 exf3 40. gxf3 Nb6 41. Kg3 Nc4 42. Rb3 b5 43. Kf4 Re1 44. Bf5 Kd6 45. Bg6 Ke7 46. Rc3 Ke6 47. e4 Rd1 48. Bf5+ Kd6 49. e5+ fxe5+ 50. dxe5+ Nxe5 51. g5 d4 52. Rb3 d3 53. g6 Rg1 54. Bxd3 Nxg6+ 55. Ke3 Kc5 56. Kf2 Rg5 57. Be4 Kb6 58. Ke3 Rg1 59. Kf2 Rg5 60. Rb1 c5 61. Bd3 b4 62. Ke3 Ne5 63. Be2 Rg8 64. f4 Nc6 65. Bc4 Re8+ 66. Kd3 Na5 67. Bd5 Rd8 68. Ke4 Re8+ 69. Kf3 Kb5 70. f5 c4 71. f6 Kc5 72. f7 Rf8 73. Be6 Nc6 74. Ke4 Nd8 75. Ke5 Nxf7+ 76. Kf6 Nd6+ 77. Ke7 Re8+ 78. Kd7 Rb8 79. Rd1 Rb7+ 80. Kd8 Nb5 81. Rd5+ Kb6 82. Rh5 Rc7 83. Rh4 Nd6 84. Rh6 c3 85. Bb3 Rc6 86. Kd7 Rc7+ 87. Kd8 c2 88. Rxd6+ Kb7 89. Bd5+ Kb8 90. Ra6 Rb7 91. Rc6 b3 92. Rc8+ Ka7 93. Rc3 b2 94. Ra3+ Kb8 95. Bxb7 c1=Q 0-1

[Event "CCT Julius Baer-D1-Place 2024"]
[Site "Online"]
[Date "2024.09.26"]
[Round "1.1"]
[White "Bok, Benjamin"]
[Black "Martinez Alcantara, Jose Eduardo"]
[Result "0-1"]
[ECO "A50"]
[WhiteElo "2596"]
[BlackElo "2607"]
[Annotator "TA"]
[PlyCount "68"]
[EventDate "2024.09.25"]
[EventType "swiss"]
[EventCountry "NET"]
[SourceTitle "playchess.com"]
[Source "ChessBase"]
[SourceQuality "1"]
[TimeControl "600+2"]

1. Nf3 Nf6 2. c4 b6 3. g3 Bb7 4. Bg2 g6 5. O-O Bg7 6. d4 O-O 7. d5 e6 8. Nc3 exd5 9. cxd5 c5 {[%emt 0:00:02] White is slightly better.} 10. e4 d6 11. Re1 Nbd7 12. Bf4 Ne8 13. Qc2 Ne5 14. a4 a6 15. Rad1 Bc8 16. Nxe5 dxe5 17. Be3 Nd6 {[%emt 0:01:14] [#]} 18. a5 $1 Bd7 19. axb6 Qxb6 20. Na2 (20. b3 $16) 20... Qb8 $11 21. Qxc5 (21. Rc1 $14 {is superior.}) 21... Rc8 22. Qb4 Bf8 23. Bc5 ({White should play} 23. Qxb8 $11 Raxb8 24. b4) 23... a5 $15 24. Qxb8 Raxb8 25. b4 axb4 26. Bxb4 Rc2 27. Bxd6 Bxd6 28. Nc1 {[%emt 0:00:01] White is weak on the dark squares} Bg4 {[%emt 0:00:03][%mdl 1024] Black has compensation. This pair of bishops is nice.} 29. f3 $1 Bd7 $1 30. Nd3 Rb3 $1 31. Bf1 Bb5 32. Rb1 Rxd3 33. Bxd3 Bxd3 34. Rec1 {[%emt 0:00:04] [#]} Rc5 $1 {[%emt 0:00:40] Weighted Error Value: White=0.14 (very precise) /Black=0.07 (flawless) .  Mistake:       	White=3     	---        Inaccurate:     	White=1     	Black=2      OK:         	White=9     	Black=11     Best:        	White=3     	Black=3      Strong:       	White=1     	Black=3      Brilliant:      	White=1     	---} 0-1

[Event "CCT Julius Baer-D1-Place 2024"]
[Site "Online"]
[Date "2024.09.26"]
[Round "1.1"]
[White "Le, Tuan Minh"]
[Black "Anton Guijarro, David"]
[Result "1-0"]
[ECO "D28"]
[WhiteElo "2564"]
[BlackElo "2665"]
[Annotator "TA"]
[PlyCount "57"]
[EventDate "2024.09.25"]
[EventType "swiss"]
[EventCountry "NET"]
[SourceTitle "playchess.com"]
[Source "ChessBase"]
[SourceQuality "1"]
[TimeControl "600+2"]

1. d4 d5 2. c4 e6 3. Nf3 dxc4 4. e3 Nf6 5. Bxc4 c5 6. O-O Nc6 7. Qe2 a6 8. dxc5 Bxc5 9. a3 Bd6 10. Nbd2 O-O 11. Rd1 b5 {[%emt 0:01:06] The position is equal.} 12. Bd3 Bb7 13. Ne4 Nxe4 14. Bxe4 Qc7 15. Bd2 Ne7 16. Rac1 Qb6 {[%emt 0:00:01] [#]} (16... Qb8 $11 {remains equal.} 17. Bxb7 Qxb7) 17. Ng5 ({Resist} 17. Ba5 Qxa5 18. Bxb7 Rad8 $14) ({White should play} 17. Bxh7+ $1 $16 Kxh7 18. Ng5+ Kg6 (18... Kg8 $2 19. Qh5 $18) 19. e4) 17... h6 {[%emt 0:00:50] [#]} 18. Bc3 $1 $36 {[%emt 0:00:55][%mdl 2048] Hoping for Bd4. White has some pressure.} Nf5 19. Qf3 (19. g4 {looks sharper.} b4 20. Be1 Nh4 21. Rxd6 Qxd6 22. Bxb7 hxg5 23. Bxb4 Qb8 24. Bxa8 Qxa8 25. f3) 19... Bxe4 20. Nxe4 {[%emt 0:00:02] Threatens to win with g4.} Be7 21. Ng3 {[%emt 0:00:36] White is more active.} g6 $2 (21... b4 $16 {is a better defense.} 22. Nxf5 exf5) 22. Qf4 (22. Rd7 $18 Bg5 23. Ne4) 22... Bg5 {[%emt 0:00:16] This move loses the game for Black.} (22... Rae8 $16 23. Nxf5 exf5) 23. Qe5 $18 f6 24. Qe4 Ne7 $2 (24... Ra7 25. Bb4 Nxg3 26. hxg3 f5) 25. Bd4 {[%emt 0:00:13] White is clearly winning.} Qa5 26. Qxe6+ Rf7 {[%emt 0:00:01] Black is weak on the dark squares} 27. Ne4 Kg7 28. f4 Bh4 29. g3 {[%emt 0:00:01] Weighted Error Value: White=0.14 (very precise) /Black=0.60.  Loses game:     	---       	Black=2      Mistake:       	White=2     	Black=2      Inaccurate:     	---       	Black=2      OK:         	White=4     	Black=7      Best:        	White=2     	Black=1} 1-0

[Event "CCT Julius Baer-D1-Place 2024"]
[Site "Online"]
[Date "2024.09.26"]
[Round "1.2"]
[White "Anton Guijarro, David"]
[Black "Le, Tuan Minh"]
[Result "0-1"]
[ECO "C64"]
[WhiteElo "2665"]
[BlackElo "2564"]
[Annotator "TA"]
[PlyCount "100"]
[EventDate "2024.09.25"]
[EventType "swiss"]
[EventCountry "NET"]
[SourceTitle "playchess.com"]
[Source "ChessBase"]
[SourceQuality "1"]
[TimeControl "600+2"]

1. e4 e5 2. Nf3 Nc6 3. Bb5 a6 4. Ba4 Bc5 5. c3 Nge7 6. O-O Ng6 {[%emt 0:00:04] 6...Ba7 is the recent fashion. C64: Ruy Lopez: Classical Defence (3...Bc5) except 4 0-0 Nf6.} 7. d4 Ba7 8. Bxc6 dxc6 9. Nxe5 Nxe5 10. dxe5 Qe7 11. Qf3 Qxe5 12. Bf4 Qe7 13. Qg3 O-O $146 ({Predecessor:} 13... Be6 14. Bxc7 f6 15. Nd2 h5 16. Nf3 g5 17. Nd4 h4 18. Qd6 Qxd6 19. Bxd6 Kf7 {0-1 Vachier Lagrave,M (2721)-Nakamura,H (2802) Saint Louis Blitz 2024 (10)}) 14. Nd2 Bb6 15. Rae1 Be6 16. e5 Bf5 17. Ne4 Bxe4 18. Rxe4 Qe6 19. Rfe1 Rad8 20. h4 h6 21. Bc1 f5 22. exf6 Qxf6 23. Rf4 Qd6 24. Kf1 Rfe8 25. Rxe8+ Rxe8 26. Qf3 Qe6 27. Bd2 (27. Qd1 $17) 27... Qxa2 $19 28. g3 Qd5 (28... Qxb2 $19 {is more deadly.} 29. Qd3 Qb3) 29. Bc1 Bc5 30. h5 (30. c4 $142 Qxf3 31. Rxf3) 30... Rf8 (30... Qe6 $142 {Threatens to win with ...Qh3+.} 31. Kg2 a5) 31. Rxf8+ Bxf8 32. Ke2 Bd6 (32... Qc4+ {simplifies} 33. Ke1 a5 34. Qe2 Qxe2+ 35. Kxe2 b5) 33. Qg4 Kf7 34. c4 Qe6+ ({Black should play} 34... Qe5+ $1 $17 35. Kd3 Bc5 36. Qf3+ Kg8) 35. Qxe6+ $1 $11 Kxe6 36. g4 b5 37. Kd3 a5 38. b3 a4 39. bxa4 bxa4 40. f3 $2 (40. Bd2 $11) 40... Be7 $2 (40... a3 $19 {aiming for ...a2.} 41. Kc2 a2) 41. Kc3 $2 (41. Bf4 $11) 41... Ke5 $1 $19 42. Be3 Ke6 $2 (42... Bf6 $19 43. c5 Bg5 44. Bd4+ Kf4) 43. f4 $11 Bd6 44. f5+ {[%emt 0:00:46] [#]} (44. Kb2 $11) 44... Ke5 $1 $17 45. Bd4+ Kf4 46. Bxg7 Kxg4 47. f6 $2 {[%emt 0:00:19][%mdl 8192] [#]} (47. Bxh6 $17 Bc5 (47... Kxf5 48. Bd2 $11) (47... Kxh5 48. Be3 $15) 48. Kb2) 47... Be5+ $1 $19 (47... Kxh5 $2 48. f7 $18) 48. Kb4 Kxh5 49. Bh8 Kg6 50. f7 Bg7 (50... Bxh8 51. f8=Q (51. f8=R Bf6 $11) 51... Bd4 52. Qe8+ (52. Kxa4 c5 $18) 52... Kg5 53. Qd8+ (53. Qxc6 Be5 $18) (53. Kxa4 c5 $18) 53... Bf6 54. Qxc7 $18) 0-1

[Event "CCT Julius Baer-D1-Place 2024"]
[Site "Online"]
[Date "2024.09.26"]
[Round "1.2"]
[White "Oparin, Grigoriy"]
[Black "Bortnyk, Olexandr"]
[Result "1-0"]
[ECO "A50"]
[WhiteElo "2662"]
[BlackElo "2608"]
[Annotator "TA"]
[PlyCount "109"]
[EventDate "2024.09.25"]
[EventType "swiss"]
[EventCountry "NET"]
[SourceTitle "playchess.com"]
[Source "ChessBase"]
[SourceQuality "1"]
[TimeControl "600+2"]

1. d4 Nf6 2. c4 b6 3. Nf3 Bb7 4. g3 g6 5. Bg2 Bg7 6. O-O O-O 7. Re1 e6 8. Bf4 Re8 9. Qc2 {[%emt 0:00:34] Weiß steht etwas besser.} Na6 10. Nc3 d5 $1 11. cxd5 exd5 12. Rad1 c5 13. dxc5 bxc5 14. e3 {[%emt 0:00:02] Weiß steht aktiver.} (14. e4 $14) 14... Qb6 15. a3 Rad8 16. Be5 Bc6 {[%emt 0:01:21] [#]} 17. b4 $1 cxb4 (17... d4 18. exd4) 18. Bd4 Qc7 19. axb4 Nxb4 20. Qd2 Ne4 21. Qb2 {[%emt 0:00:02] Und Bxg7 würde nun gewinnen.} Bxd4 22. Nxd4 a5 23. Nxe4 dxe4 24. Qc3 Qe5 25. Ra1 Bd7 26. Qa3 Ra8 27. Rec1 h5 28. h4 Nd3 29. Rc4 Rec8 30. Qc3 (30. Rxc8+ $17 Rxc8 (30... Bxc8 31. Qa4 $17) 31. Bf1) 30... Rxc4 $19 31. Qxc4 Rc8 32. Qa6 a4 33. Qb7 (33. Qa7 $17 Rd8 34. Rb1) 33... Nc5 $1 34. Qa7 Bg4 ({Günstiger ist} 34... Qb8 $19 35. Qxb8 Rxb8) 35. Rc1 $17 Qd5 (35... Kg7 $17 36. Qa5 Bd7) 36. Qa5 $15 Kh7 37. Bf1 Qd6 {[%emt 0:00:05] Droht ...Nb3 und aus.} 38. Rc4 Bd7 39. Qc3 {[%emt 0:00:05] Wehrt Nb3 ab} Rc7 (39... Qb6 $17 40. Qa3 Kg8) 40. Be2 (40. Qb4 $15 {ist eher angebracht.}) 40... Be6 (40... Qb6 $17 41. Bf1 Kg8) 41. Nxe6 (41. Nb5 $1 $11 Qc6 42. Nxc7 Bxc4 43. Bxc4 Qxc7 44. Bxf7 Qxf7 45. Qxc5) 41... Nxe6 42. Rxc7 Qxc7 $11 {[%emt 0:00:01][%mdl 4096] Endspiel. KQB-KQN} ({Bitte nicht} 42... Nxc7 43. Qc4 $11) 43. Qb4 {[%emt 0:00:05] [#]} Qc1+ ({Besser ist} 43... Nc5 $1 $17 44. Kg2 Qa7) 44. Kg2 a3 {[%emt 0:00:00] Und jetzt ...a2 wäre schön.} 45. Bc4 Nd8 46. Bd5 Qd1 47. Qxe4 Qd2 {[%emt 0:00:03] Droht stark ...a2.} 48. Qc4 Kg8 49. e4 Kg7 {[%emt 0:00:02] [#]} (49... Qa5 $11) 50. Qc7 $1 $16 Kh7 $2 51. Qxd8 {[%emt 0:00:02] Weiß setzt Matt.} a2 52. Qa8 a1=Q 53. Qxa1 g5 54. Qf6 gxh4 55. Qxf7+ {[%emt 0:00:01] Weiß hat das Spiel gedreht.   Gewichteter Fehlerwert: Weiß=0.15 (sehr präzise) /Schwarz=0.27 (präzise) .  Verlustzug:     	---       	Schwarz=1     Fehler:       	Weiß=5     	Schwarz=6     Ungenau:       	Weiß=5     	Schwarz=2     OK:         	Weiß=16    	Schwarz=15    Bester:       	Weiß=3     	---        Stark:        	Weiß=1     	Schwarz=2} 1-0

[Event "CCT Julius Baer-D1-Place 2024"]
[Site "Online"]
[Date "2024.09.26"]
[Round "1.2"]
[White "Durarbayli, Vasif"]
[Black "Aronian, Levon"]
[Result "0-1"]
[ECO "C42"]
[WhiteElo "2626"]
[BlackElo "2729"]
[Annotator "TA"]
[PlyCount "124"]
[EventDate "2024.09.25"]
[EventType "swiss"]
[EventCountry "NET"]
[SourceTitle "playchess.com"]
[Source "ChessBase"]
[SourceQuality "1"]
[TimeControl "600+2"]

1. e4 e5 2. Nf3 Nf6 3. Nxe5 Nxe4 4. Qe2 Qe7 5. Qxe4 d6 6. d4 dxe5 7. dxe5 Nc6 {[%emt 0:00:02] C42: Petroff Defence: 3 Nxe5 and unusual White 3rd moves.} 8. Nc3 Qxe5 9. Qxe5+ Nxe5 10. Nb5 Bb4+ 11. Bd2 Bxd2+ 12. Kxd2 Kd8 13. Nd4 $146 ({Predecessor:} 13. f4 Ng4 14. Bc4 Bd7 15. Nc3 f5 16. Bd5 c6 17. Bf3 Nf6 {½-½ Vachier Lagrave,M (2731)-Nakamura,H (2788) CCT Final playoff rapid 2023 (2.2)}) 13... Bd7 14. Re1 Re8 15. h4 Ng4 16. Bc4 Nxf2 17. Rxe8+ Kxe8 18. Bxf7+ Kxf7 19. Rf1 c5 20. Rxf2+ Ke7 21. Nf3 Rf8 22. Re2+ Kd6 23. Ng5 h6 24. Ne4+ Kc6 25. Ke3 Re8 26. Rf2 Be6 27. b3 a5 28. c4 a4 29. Kf4 axb3 30. axb3 Rf8+ 31. Ke5 Re8 32. Kf4 $1 Rf8+ 33. Ke3 Rxf2 34. Nxf2 b5 35. Kd3 Bf5+ 36. Ne4 b4 37. Ke3 Bg4 38. Nf2 Bf5 39. Ne4 Bg4 40. Kd2 Bf5 41. Ng3 Bg4 42. Kc2 Kd6 43. Ne4+ Kc6 44. Kc1 Bf5 45. Ng3 Bg4 46. Kd2 Kd6 47. Ne4+ Kc6 48. Nf2 Bf5 49. g4 Bb1 50. Nd1 (50. h5 $11) 50... Kd6 $17 51. Ne3 $2 (51. g5 $17 {is a better chance.}) 51... Ke5 $19 52. Nd5 {[%emt 0:00:01] [#]} Be4 $2 ({Better is} 52... g6 $1 $19 53. Nb6 Kf4) 53. Nc7 $2 (53. Nb6 $15) 53... g5 $19 54. hxg5 hxg5 55. Ne8 Bf3 56. Nc7 Bxg4 57. Nd5 Bf3 58. Nb6 Bc6 59. Ke3 g4 60. Kf2 Kd4 61. Kg3 Bf3 62. Nd7 Bd1 0-1

[Event "CCT Julius Baer-D1-Place 2024"]
[Site "Online"]
[Date "2024.09.26"]
[Round "1.2"]
[White "Martinez Alcantara, Jose Eduardo"]
[Black "Bok, Benjamin"]
[Result "1-0"]
[ECO "B50"]
[WhiteElo "2607"]
[BlackElo "2596"]
[Annotator "RC"]
[PlyCount "139"]
[EventDate "2024.09.25"]
[EventType "swiss"]
[EventCountry "NET"]
[SourceTitle "playchess.com"]
[Source "ChessBase"]
[SourceQuality "1"]
[TimeControl "600+2"]

1. e4 c5 2. Nf3 d6 3. c3 Nf6 4. h3 Nc6 5. Bd3 e5 6. Bc2 Be7 7. d3 h6 8. Nbd2 O-O 9. O-O Re8 10. Re1 Bf8 11. a3 a6 12. b4 b5 13. Nb3 a5 14. bxc5 dxc5 15. Be3 Nd7 16. Nbd2 Nb6 17. c4 b4 18. axb4 cxb4 19. c5 Nd7 20. Ba4 Qc7 21. Rc1 Ba6 22. Nb3 Ndb8 23. Qc2 Rd8 24. Red1 Qb7 25. d4 Bb5 26. Bxb5 Qxb5 27. d5 a4 28. Nbd2 b3 29. Qc4 Qxc4 30. Nxc4 a3 31. Rc3 a2 32. Ra1 Nb4 33. Ne1 N8a6 34. d6 f6 35. Rxb3 Rac8 36. Nb6 Rc6 37. Nd5 Nxd5 38. exd5 Rxc5 39. Bxc5 Nxc5 40. Rb5 Bxd6 41. Rxa2 e4 42. g3 f5 43. Rc2 Nd7 44. Ng2 Ne5 45. Ne3 Nf3+ 46. Kf1 Ra8 47. Rc1 g6 48. Rb6 Bc5 49. Rxg6+ Kf7 50. Rc6 Bxe3 51. fxe3 Ra2 52. R6c2 Ra3 53. Kf2 Rd3 54. g4 fxg4 55. hxg4 Ne5 56. Kg3 Rxd5 57. Rf1+ Kg6 58. Rf5 Ra5 59. Rb2 Nc4 60. Rxa5 Nxb2 61. Kf4 Nd3+ 62. Kxe4 Nf2+ 63. Kf3 Nd3 64. Rd5 Nb4 65. Rd4 Nc2 66. Rc4 Ne1+ 67. Ke2 Ng2 68. Rc5 Nh4 69. Rh5 Ng2 70. Rh2 1-0

[Event "CCT Julius Baer-D1-Place 2024"]
[Site "Online"]
[Date "2024.09.26"]
[Round "1.2"]
[White "Madaminov, Mukhiddin"]
[Black "So, Wesley"]
[Result "0-1"]
[ECO "C58"]
[WhiteElo "2512"]
[BlackElo "2752"]
[Annotator "TA"]
[PlyCount "70"]
[EventDate "2024.09.25"]
[EventType "swiss"]
[EventCountry "NET"]
[SourceTitle "playchess.com"]
[Source "ChessBase"]
[SourceQuality "1"]
[TimeControl "600+2"]

1. e4 e5 2. Nf3 Nc6 3. Bc4 Nf6 4. Ng5 d5 5. exd5 Na5 6. Bb5+ c6 7. dxc6 bxc6 8. Bd3 Nd5 9. Nf3 (9. Nxh7 $2 Nf4 10. Be4 Rxh7 $19) 9... Bd6 10. O-O Nf4 {[%emt 0:00:04] The position is equal.} 11. Nc3 Nxd3 12. cxd3 O-O 13. Ne4 Bc7 14. Qc2 {[%emt 0:00:04] With the idea b4.} Bg4 (14... c5 $11) 15. b4 $14 Bxf3 16. gxf3 Nb7 17. Qxc6 Nd6 18. Ng3 Rb8 19. Bb2 Nb5 (19... Rb6 $11 20. Qc2 (20. Qd5 Rb5 $14) 20... Rxb4) 20. Rac1 $16 {[%emt 0:00:34] a4 would now be deadly.} Rb6 21. Qc4 {[%emt 0:00:05] Black must now prevent a4.} Bb8 22. a4 Nd4 ({Black should try} 22... Nd6 $1 $14 23. Qd5 Rxb4 24. Bxe5 (24. Qxe5 Ne8 $14) 24... Nb7 25. Qxd8 Nxd8 26. Bxb8 Rxb8) 23. Bxd4 exd4 24. Rfe1 Qd7 {[%emt 0:00:55][%cal Od7h3] [#]} 25. Re4 (25. Qc5 $1 $16) 25... Qh3 $1 $11 26. Rg4 Rh6 27. Qxd4 g6 {[%emt 0:00:09] Dancing on a razor blade.} 28. Qe3 Rh5 29. Rcc4 $1 (29. Nxh5 $2 Bxh2+ 30. Kh1 Bf4+ (30... Qxh5 $2 31. Qg5 $18) 31. Kg1 Bxe3 32. dxe3 Qxh5 $19) 29... a6 {[%emt 0:00:55][%cal Ob8d6] [#]} 30. a5 $1 ({But not} 30. Nxh5 $2 Bxh2+ 31. Kh1 Bf4+ (31... Qxh5 $2 {is the wrong capture.} 32. Rh4 $18) 32. Kg1 Qh2+ (32... Bxe3 $2 33. Nf6+ Kg7 34. dxe3 $19) 33. Kf1 Bxe3 34. Nf6+ Kg7 35. dxe3 Qh1+ (35... Kxf6 $2 {perishes.} 36. Rcf4+ Ke6 37. Rh4 $18) 36. Ke2 Kxf6 $19) 30... Qxh2+ 31. Kf1 Bxg3 32. Rxg3 Qh1+ 33. Ke2 $2 (33. Rg1 $16 Qh3+ 34. Ke2) 33... Qa1 $19 {[%emt 0:00:11] ( -> ...Rh1)} 34. Rc5 Rh1 35. f4 Qd1# {[%emt 0:00:33] Weighted Error Value: White=0.51/Black=0.13 (very precise) .  Loses game:     	White=1     	---        Mistake:       	White=1     	Black=3      Inaccurate:     	White=3     	Black=1      OK:         	White=7     	Black=11     Best:        	White=4     	Black=1      Strong:       	White=2     	Black=1} 0-1